Unix NetHack Version 5.0.0-0 post-release - last build Jun 10 2026 00:39:30 (3ee93aec679c4c4259841fe613dc97188e26a321,branch:main).

Game began 2026-07-01 17:41:16, ended 2026-07-02 01:02:22.

IceCreamJones, lawful female human Priestess

                              --------------------
                              |...>^....%.....%+.|
                            ---....------------|.|
                            |....-.|---|......)g@|
                            |.--...|...|.......|--
                            |..*...)...|.......|
                            |....-.--.-|...<...|
                            |%-....|0..|.......|
                            |...-.....0|.......|
                            |.-...-..|0|.......|
                            |...0....|----------
                            ---.|....|
                              --------

IceCreamJones the Priestess  St:16 Dx:14 Co:17 In:9 Wi:17 Ch:9  Lawful
Dlvl:3  $:59 HP:0(105) Pw:128(131) AC:-4 Xp:10 T:13767 

Latest messages:
 A mysterious force prevents the tengu from teleporting!
 Click!  The quantum mechanic triggers a rolling boulder trap.
 Click!  The troll triggers a rolling boulder trap.
 The troll zaps a wand of striking!
 The wand hits the quantum mechanic!
 The wand misses you.
 The troll zaps a wand of striking!
 The wand hits the quantum mechanic!
 The quantum mechanic resists!
 The wand hits you!
 The troll zaps a wand of striking!
 The wand hits the quantum mechanic!
 The quantum mechanic is killed!
 The wand hits you!
 The troll zaps a wand of striking!
 The wand hits you!
 You hear the howling of the CwnAnnwn...
 You kill the water nymph!
 The troll picks up a large box.
 There are several objects here.
 s - a runed dagger (2 in total).
 In what direction?
 The door closes.
 What do you want to use or apply? [bmnruvyGO-QV or ?*]
 In what direction?
 Lock it? [ynq] (q)
 You succeed in locking the door.
 There is an open door here.
 There are several objects here.
 In what direction?
 The dart hits the gremlin.
 What do you want to throw? [$ejostx or ?*]
 In what direction?
 The runed dagger hits the gremlin.
 You hit the gremlin!
 The gremlin hits!
 The gremlin hits again!
 The gremlin bites!
 The gremlin hits!
 The gremlin chuckles.
 You hit the gremlin!
 The gremlin misses!
 The gremlin hits!
 The gremlin bites!
 You die...
 Do you want your possessions identified? [ynq] (y)
 Do you want to see your attributes? [ynq] (y)
 Do you want an account of creatures vanquished? [ynaq] (y)
 Do you want to see your conduct and achievements? [ynq] (y)
 Do you want to see the dungeon overview? [ynq] (y)

Inventory:
 Coins    ('$')
  $ - 59 gold pieces
 Weapons  (')')
  j - 3 rustproof +0 darts
  x - 5 +0 daggers
  s - a +0 elven dagger
  o - 2 +0 orcish daggers
  e - a -3 orcish dagger
  t - a +0 aklys
  a - the +1 Demonbane (weapon in right hand)
 Armor    ('[')
  D - a +0 elven leather helm
  z - a +0 pair of iron shoes (being worn)
  c - a +0 small shield (being worn)
  F - a +0 robe (being worn)
  T - a blessed greased +0 silver dragon scale mail (being worn)
 Comestibles  ('%')
  i - 3 slime molds
  p - 2 cloves of garlic
  K - a melon
  L - 2 pears
  M - a sprig of wolfsbane
  A - a tripe ration
  f - a lichen corpse
 Rings    ('=')
  w - a ring of stealth (on right hand)
 Wands    ('/')
  y - a wand of digging (1:7)
  V - a wand of light (0:12)
  Q - a wand of magic missile (0:4)
  v - a wand of probing (0:5)
  G - a wand of sleep (0:5)
  n - a wand of speed monster (0:4)
 Tools    ('(')
  b - a bag of holding containing 29 items
  m - an empty sack
  O - a magic harp (0:5)
  r - a skeleton key
  P - a towel
  u - a +0 unicorn horn

Contents of the bag of holding:
  683 gold pieces
  the blessed +0 Mjollnir
  a blessed +2 scimitar
  a +0 elven leather helm
  a cursed -1 pair of fumble boots
  a blessed +1 mummy wrapping
  2 slime molds
  a tin of spinach
  a scroll of blank paper
  a blessed scroll of confuse monster
  a blessed scroll of earth
  a scroll of earth
  a scroll of fire
  a scroll of identify
  a scroll of remove curse
  a blessed spellbook of cause fear
  a potion of booze
  a potion of full healing
  a potion of invisibility
  a potion of object detection
  a potion of paralysis
  a potion of sickness
  a potion of holy water
  a cursed -1 ring of adornment
  a ring of cold resistance
  a ring of conflict
  a cursed -2 ring of increase accuracy
  an oil lamp
  a cursed oil lamp

IceCreamJones the Priestess's attributes:

Background:
 You were a Priestess, level 10 human.
 You were lawful, on a mission for Quetzalcoatl
 who was opposed by Camaxtli (neutral) and Huhetotl (chaotic).
 You were right-handed.
 You were in Sokoban, on level 3.
 You entered the dungeon 13767 turns ago.
 It was nighttime.
 There was a full moon in effect when your adventure ended.
 You had 5945 experience points, 4055 more were needed to attain level 11.

Basics:
 You had 0 out of 105 hit points.
 You had 128 out of 131 energy points (spell power).
 Your armor class was -4.
 Your wallet contained 59 zorkmids, and
 you had 683 more stashed away in your pack.
 Autopickup was off.

Final Characteristics:
 Your strength was 16 (limit:18/100).
 Your dexterity was 14 (limit:18).
 Your constitution was 17 (peak:18, limit:18).
 Your intelligence was 9 (limit:18).
 Your wisdom was 17 (peak:18, limit:18).
 Your charisma was 9 (limit:18).

Final Status:
 You weren't hungry.
 You were unencumbered.
 You were wielding a mace.
 You had expert skill with mace.

Final Attributes:
 You were piously aligned.
 You were cold resistant.
 You were sleep resistant.
 You were poison resistant.
 You were telepathic.
 You were stealthy.
 You were guarded.
 Your spell casting was enhanced by wearing a robe.
 You had reflection.
 You were lucky.
 You are dead.

Miscellaneous:
 You didn't encounter any bones levels.
 Total elapsed playing time was 2 hours, 29 minutes and 57 seconds.

Major events:
 Turn
    1: IceCreamJones the lawful human Priestess entered the dungeon
  469: entered the Gnomish Mines
 1343: attained the rank of Acolyte (level 3)
 4923: reached Mine Town
 4941: attained the rank of Adept (level 6)
 5593: made her first wish - "blessed greased +2 silver dragon scale mail", got "a blessed greased silver dragon scale mail"
 7911: was bestowed with Demonbane by Quetzalcoatl
 9822: entered Sokoban
10288: completed 1st Sokoban level
11216: completed 2nd Sokoban level
11492: found Mjollnir on the floor
11915: completed 3rd Sokoban level
12756: attained the rank of Priestess (level 10)
13253: completed 4th Sokoban level
13767: killed by a gremlin

Spells:
 Name                 Level Category     Fail Retention
 light                  1   clerical       0%   31%-40%
 detect unseen          3   divination    68%   26%-50%
 force bolt             1   attack         0%   51%-75%
 cause fear             3   enchantment   68%  76%-100%

Skills:
 Fighting Skills
   bare handed combat [Unskilled]
 Weapon Skills
   club               [Unskilled]
   mace               [Expert]
   morning star       [Unskilled]
   flail              [Unskilled]
   hammer             [Unskilled]
   quarterstaff       [Unskilled]
   polearms           [Unskilled]
   spear              [Unskilled]
   trident            [Unskilled]
   lance              [Unskilled]
   bow                [Unskilled]
   sling              [Unskilled]
   crossbow           [Unskilled]
   dart               [Unskilled]
   shuriken           [Unskilled]
   boomerang          [Unskilled]
   unicorn horn       [Unskilled]
 Spellcasting Skills
   healing spells     [Unskilled]
   divination spells  [Unskilled]
   clerical spells    [Basic]

Voluntary challenges:
 Character rerolling was not enabled.
 You never genocided any monsters.
 You never polymorphed an object.
 You never changed form.
 You used 1 wish.
 You did not wish for any artifacts.
 You violated the special Sokoban rules once.
Achievements:
 You entered the Gnomish Mines.
 You entered a shop.
 You attained the rank of Acolyte.
 You entered Minetown.
 You attained the rank of Adept.
 You entered a temple.
 You entered Sokoban.
 You attained the rank of Priestess.

 The Dungeons of Doom: levels 1 to 7
    Level 1:
       A fountain.
    Level 2:
       A potion shop.
       Stairs down to The Gnomish Mines.
    Level 3:
    Level 4:
       A general store, a fountain.
    Level 5:
       Many fountains.
    Level 6:
       Stairs up to Sokoban, level 5.
    Level 7:
 The Gnomish Mines: levels 3 to 7
    Level 3:
    Level 4:
    Level 5:
    Level 6:
       Many shops, a temple and an altar to Quetzalcoatl, some fountains.
    Level 7:
 Sokoban: levels 5 up to 2
    Level 2:
       Solved.
    Level 3: <- You were here.
       Solved.
       Final resting place for
          you, killed by a gremlin.
    Level 4:
       Solved.
    Level 5:
       Solved.


Vanquished creatures:
  2 giant mimics
  a stalker
  a winter wolf
  a warhorse
  a xan
  a quantum mechanic
  a troll
  a large dog
  a freezing sphere
  a flaming sphere
  a tiger
  a gargoyle
  2 wraiths
 an amorous demon
  a giant beetle
  a cockatrice
  2 winter wolf cubs
  a leprechaun
  a mumak
  2 horses
  a black light
 an orc mummy
  a rust monster
 an owlbear
  2 yetis
  a gold golem
  a chickatrice
  4 housecats
  a jaguar
  3 blue jellies
  a black unicorn
  3 gnome mummies
  3 Woodland-elves
  a soldier ant
  5 fire ants
  2 bugbears
  2 quasits
  a wood nymph
  a water nymph
  2 mountain nymphs
  7 Mordor orcs
  2 Uruk-hai
  3 orc shamans
  a rock piercer
  a rock mole
  3 ponies
  3 fog clouds
  2 yellow lights
  a violet fungus
  7 gnome leaders
  4 gnomish wizards
  a kobold mummy
  a red naga hatchling
  a black naga hatchling
  2 gray oozes
  3 barrow wights
  2 elf zombies
  a straw golem
  3 paper golems
 13 giant ants
  3 floating eyes
  2 kittens
  2 dwarves
  a homunculus
  2 kobold leaders
  2 kobold shamans
  3 hill orcs
  5 rothes
  a rabid rat
  2 giant bats
  4 orc zombies
  a dwarf zombie
  a wererat
  3 iguanas
  2 acid blobs
  2 coyotes
  2 gas spores
  3 manes
  a large kobold
  2 hobgoblins
  6 giant rats
  9 cave spiders
  a brown mold
  2 yellow molds
  a green mold
  2 red molds
 37 gnomes
  7 geckos
 15 jackals
  a fox
  5 goblins
  2 sewer rats
 13 grid bugs
  4 bats
  8 lichens
  2 kobold zombies
 12 newts
293 creatures vanquished.

No species were genocided or became extinct.

Game over:
                       ----------
                      /          \
                     /    REST    \
                    /      IN      \
                   /     PEACE      \
                  /                  \
                  |  IceCreamJones   |
                  |      742 Au      |
                  |   killed by a    |
                  |     gremlin      |
                  |                  |
                  |                  |
                  |       2026       |
                 *|     *  *  *      | *
        _________)/\\_//(\/(/\)/\//\/|_)_______

Goodbye IceCreamJones the Priestess...

You died in Sokoban on dungeon level 3 with 18080 points,
and 742 pieces of gold, after 13767 moves.
You were level 10 with a maximum of 105 hit points when you died.

